 Dungeon Crawl Stone Soup version 0.29.1-1-gd02db6906a (webtiles) character file.

Game seed: 10693210484406002492

26161 virigoth the Grappler (level 12, -7/122 HPs)
             Began as a Troll Fighter on Sept 22, 2022.
             Was a High Priest of Wu Jian.
             Mangled by a five-headed hydra (12 damage)
             ... on level 2 of the Lair of Beasts.
             The game lasted 01:09:37 (12409 turns).

virigoth the Grappler (Troll Fighter)              Turns: 12409, Time: 01:09:38

Health: -7/122     AC:  8    Str: 27    XL:     12   Next: 95%
Magic:  11/11      EV:  8    Int:  8    God:    Wu Jian [*****.]
Gold:   734        SH: 17    Dex:  9    Spells: 3/11 levels left

rFire   + . .      SeeInvis .   V - +8 whip of Gallantry {holy, rF+}
rCold   . . .      Faith    .   t - +3 tower shield
rNeg    . . .      Spirit   .   a - +0 robe
rPois   .          Reflect  .   T - +0 hat
rElec   .          Harm     .   (no cloak)
rCorr   .          Rampage  .   (gloves unavailable)
Will    .....                   (boots unavailable)
Stlth   +.........              (no amulet)
HPRegen 1.10/turn               F - +4 ring of slaying {mikee_}
MPRegen 0.12/turn               I - +4 ring of protection

@: no status effects
A: large, unfitting armour, claws 3, regeneration 1, shaggy fur 1, tough skin 1
a: Renounce Religion, Wall Jump, Serpent's Lash, Heavenly Storm


You were on level 2 of the Lair of Beasts.
You worshipped Wu Jian.
Wu Jian was extremely pleased with you.
You visited 3 branches of the dungeon, and saw 16 of its levels.

You collected 873 gold pieces.
You spent 139 gold pieces at shops.

Inventory:

Hand Weapons
 N - the +8 spear "Ecygh" {freeze, *Noise Fly rC+}
   (You took it off a spriggan on level 1 of the Lair of Beasts)

   It freezes those it strikes, dealing additional cold damage.
   It can also slow down cold-blooded creatures.
   rC:        It protects you from cold.
   Fly:       It grants you flight.
   *Noise:    It may make noises in combat.
 V - the +8 whip of Gallantry (weapon) {holy, rF+}
   (You found it on level 10 of the Dungeon)

   It has been blessed by the Shining One to cause great damage to the undead
   and demons.
   rF:        It protects you from fire.
Missiles
 u - 42 poisoned darts
 K - 22 boomerangs (quivered)
 P - 7 javelins
 S - 8 large rocks
 U - a throwing net
 Y - a curare-tipped dart
Armour
 a - a +0 robe (worn)
 t - a +3 tower shield (worn)
 T - a +0 hat (worn)
Jewellery
 w - an amulet of faith
 F - a +4 ring of slaying (left claw) {mikee_}
 G - a +6 ring of intelligence
 I - a +4 ring of protection (right claw)
 J - a ring of magical power
Wands
 g - a wand of flame (17)
 B - a wand of charming (22)
 D - a wand of polymorph (5)
 R - a wand of roots (8)
 W - a wand of mindburst (8)
Scrolls
 e - 3 scrolls of teleportation {!r}
 s - a scroll of summoning
 v - 5 scrolls of fog {!r}
 H - a scroll of fear {!r}
 L - a scroll of poison
 M - 3 scrolls of amnesia
 O - 4 scrolls of magic mapping
 X - a scroll of silence
Potions
 c - 2 potions of might {!q}
 d - 2 potions of curing {!q}
 z - 2 potions of resistance
 C - 3 potions of lignification
 E - 2 potions of magic
 Q - 2 potions of flight
 Z - a potion of invisibility


   Skills:
 + Level 8.9 Fighting
 + Level 4.6 Dodging
 + Level 9.9 Shields
 * Level 14.5 Unarmed Combat
 - Level 3.9 Translocations
 - Level 2.7 Transmutations
 - Level 2.3 Earth Magic


You had 3 spell levels left.
You knew the following spells:

 Your Spells              Type           Power      Damage    Failure   Level
B - Blink                 Tloc           12%        N/A       47%         2
S - Statue Form           Tmut/Erth      2%         N/A       100%        6

Your spell library contained the following spells:

 Spells                   Type           Power      Damage    Failure   Level
 Necrotise                Necr           0%         1d4       87%         1
 Static Discharge         Conj/Air       0%         3-3/arc   95%         2
 Sublimation of Blood     Necr           0%         N/A       95%         2
 Ozocubu's Armour         Ice            0%         N/A       99%         3
 Vampiric Draining        Necr           0%         2d6       99%         3
 Petrify                  Tmut/Erth      4%         N/A       99%         4
 Animate Armour           Summ/Erth      2%         N/A       100%        4
 Agony                    Necr           0%         N/A       100%        5
 Blade Hands              Tmut           2%         N/A       100%        5
 Irradiate                Conj/Tmut      1%         3d12      100%        5
 Lightning Bolt           Conj/Air       0%         1d11      100%        5
 Manifold Assault         Tloc           6%         N/A       100%        5
 Metabolic Englaciation   Hex/Ice        0%         N/A       100%        5
 Summon Forest            Summ/Tloc      1%         N/A       100%        5
 Summon Mana Viper        Hex/Summ       0%         N/A       100%        5
 Iron Shot                Conj/Erth      0%         9d1       100%        6
 Summon Cactus Giant      Summ           0%         N/A       100%        6
 Ozocubu's Refrigeration  Ice            0%         4d7       100%        7
 Storm Form               Tmut/Air       1%         N/A       100%        7
 Maxwell's Capacitive Co  Air            0%         ∞         100%        8


Dungeon Overview and Level Annotations

Branches:
Dungeon (12/15)            Temple (1/1) D:4            Lair (3/5) D:11
  Swamp: Lair:2-3    Shoals: Lair:2-3     Snake: Lair:2-3    Spider: Lair:2-3
    Orc: D:9-12

Altars:
Ashenzari
Cheibriados
Dithmenos
Elyvilon
Fedhas
Gozag
Hepliaklqana
Kikubaaqudgha
Makhleb
Nemelex Xobeh
Okawaru
Qazlal
Ru
Sif Muna
Trog
Uskayaw
Vehumet
Wu Jian
Xom
Yredelemnul
Zin
The Shining One

Shops:
D:2 :!*

Annotations:
D:2 Grinder


Innate Abilities, Weirdness & Mutations

You are too large for most types of armour.
You have claws for hands.
Your natural rate of healing is unusually fast.
You are covered in fur. (AC +1)
You have tough skin. (AC +1)


Message History

The five-headed hydra bites you but does no damage.
You whack the five-headed hydra!
The five-headed hydra is heavily wounded.
The five-headed hydra bites you!
The five-headed hydra bites you but does no damage.
The five-headed hydra bites you. x2
* * * LOW HITPOINT WARNING * * *
The five-headed hydra bites you!
* * * LOW HITPOINT WARNING * * *
You thrash the five-headed hydra!!
The five-headed hydra is severely wounded.
The five-headed hydra bites you!
* * * LOW HITPOINT WARNING * * *
You block the five-headed hydra's attack.
The five-headed hydra bites you!
* * * LOW HITPOINT WARNING * * *
The five-headed hydra bites you.
* * * LOW HITPOINT WARNING * * *
The five-headed hydra bites you!
* * * LOW HITPOINT WARNING * * *
Really quaff
d - 3 potions of curing {!q}?
You feel better. The five-headed hydra bites you!
* * * LOW HITPOINT WARNING * * *
You block the five-headed hydra's attack.
The five-headed hydra bites you but does no damage.
The five-headed hydra bites you!
* * * LOW HITPOINT WARNING * * *
The five-headed hydra bites you!
* * * LOW HITPOINT WARNING * * *
Aiming: Wall Jump
Press: ? - help, Dir - move target You repeatedly attack the five-headed hydra from above.
You hit the five-headed hydra but do no damage.
The five-headed hydra is severely wounded.
You whack the five-headed hydra!
The five-headed hydra is severely wounded.
The five-headed hydra bites you but does no damage.
You block the five-headed hydra's attack.
The five-headed hydra bites you!
You die...

#.#.... ##........##
##..... ##..........####
#......
#..............###......
#.............# #.......
#............# ###.....
#..........# #P.....
#...○○○..# ###....
#...○TD.# #....
#...°#○## ##<..
##..###.P# ##..
#...#...## ## ##...#..##
#P...PP..## #.........#
#.......### ##..#...#


You could see a five-headed hydra.

Vanquished Creatures
  Gastronok (D:8)
  A hydra (Lair:1)
  A two-headed ogre (D:10)
  The ghost of miserystealer the Thaumaturge, a novice DrCj of Sif Muna (Lair:1)
  An ugly thing (D:11)
  A manticore (D:11)
  6 elephants (Lair:2)
  2 cyclopes (D:11)
  2 black mambas
  2 cane toads
  A rime drake (Lair:2)
  Psyche (D:8)
  A kobold demonologist (D:11)
  2 polar bears
  A troll (D:10)
  2 hornets
  13 blink frogs
  A shadow (D:11)
  2 spriggans (Lair:1)
  Sigmund (D:3)
  4 wyverns
  39 yaks
  A steam dragon (Lair:2)
  2 basilisks
  The ghost of Fractals the Sneak, an amateur HuWn (D:4)
  Grum (D:8)
  Menkaure (D:5)
  4 water moccasins
  2 ice beasts
  5 orc warriors
  A sky beast (D:7)
  2 black bears
  3 wolves
  5 ogres
  4 centaurs
  3 phantoms
  6 kobold brigands
  A necrophage (D:5)
  3 scorpions
  9 bullfrogs
  3 wights (D:7)
  11 killer bees
  4 howler monkeys
  4 crimson imps (D:4)
  4 jellies
  5 hounds
  10 orc priests
  2 gnoll boudas
  5 iguanas
  Ijyb (D:3)
  Natasha (thrice) (D:3)
  22 orc wizards
  10 gnolls
  5 adders
  A shadow imp (D:8)
  3 ufetubi
  A worm (D:3)
  3 dart slugs
  57 orcs
  7 ball pythons
  A bat (D:3)
  5 endoplasms
  3 giant cockroaches
  4 goblins
  7 hobgoblins
  4 jackals
  A frilled lizard (D:3)
  23 kobolds
  5 rats
354 creatures vanquished.

Vanquished Creatures (collateral kills)
  A hydra (Lair:1)
1 creature vanquished.

Vanquished Creatures (others)
  20 fungi
  26 plants
46 creatures vanquished.

Grand Total: 401 creatures vanquished

Notes
Turn   | Place    | Note
-------+----------+-------------------------------------------
     0 | D:1      | virigoth the Troll Fighter began the quest for the Orb.
     0 | D:1      | Reached XP level 1. HP: 22/22 MP: 0/0
   251 | D:1      | Reached XP level 2. HP: 22/29 MP: 1/1
   435 | D:1      | Found a faded altar of an unknown god.
   604 | D:3      | Noticed Ijyb
   617 | D:3      | Killed Ijyb
   618 | D:3      | Reached skill level 3 in Unarmed Combat
   618 | D:3      | Reached XP level 3. HP: 25/36 MP: 2/2
   655 | D:2      | Found Xobao's General Store.
   663 | D:2      | Bought a scroll of teleportation for 33 gold pieces
   663 | D:2      | Bought a scroll of identify for 22 gold pieces
   704 | D:2      | Found Wihihate's Distillery.
   735 | D:2      | Bought a potion of degeneration for 12 gold pieces
   735 | D:2      | Bought a potion of attraction for 36 gold pieces
   735 | D:2      | Bought a potion of lignification for 36 gold pieces
   747 | D:2      | Found Ymuys's Book Emporium.
   830 | D:3      | Noticed Grinder
  1085 | D:2      | Reached XP level 4. HP: 44/44 MP: 3/3
  1408 | D:3      | Paralysed by Grinder for 2 turns
  1483 | D:3      | Noticed Sigmund
  1907 | D:3      | Noticed Natasha
  1917 | D:3      | Killed Natasha
  2032 | D:3      | Noticed Natasha
  2041 | D:3      | Killed Natasha
  2042 | D:3      | Reached skill level 4 in Unarmed Combat
  2042 | D:3      | Reached XP level 5. HP: 39/53 MP: 4/4
  2075 | D:3      | Found a shimmering blue altar of Sif Muna.
  2119 | D:3      | Noticed Natasha
  2132 | D:3      | Killed Natasha
  2146 | D:3      | Killed Sigmund
  2147 | D:3      | Reached XP level 6. HP: 61/61 MP: 5/5
  2218 | D:4      | Found an opulent altar of Gozag.
  2233 | D:4      | Found a shimmering altar of Xom.
  2244 | D:4      | Reached skill level 5 in Unarmed Combat
  2317 | D:5      | Entered Level 5 of the Dungeon
  2317 | D:5      | Noticed an ice beast
  2436 | D:4      | Reached XP level 7. HP: 26/68 MP: 6/6
  2486 | D:4      | Found a staircase to the Ecumenical Temple.
  2511 | Temple   | Entered the Ecumenical Temple
  2637 | D:4      | Reached skill level 6 in Unarmed Combat
  2704 | D:4      | Found an ornate altar of the Wu Jian Council.
  2712 | D:4      | Became a worshipper of the Wu Jian Council
  2811 | D:4      | Found a runed translucent door.
  2816 | D:4      | Noticed Fractals's ghost (amateur HuWn)
  2849 | D:4      | Found a glowing silver altar of Zin.
  2849 | D:4      | Found a glowing golden altar of the Shining One.
  2850 | D:4      | Found a white marble altar of Elyvilon.
  2950 | D:4      | Killed Fractals's ghost
  3090 | D:5      | Reached skill level 5 in Shields
  3090 | D:5      | Reached XP level 8. HP: 64/79 MP: 7/7
  3156 | D:5      | Reached skill level 7 in Unarmed Combat
  3222 | D:5      | Reached * piety under Wu Jian
  3404 | D:5      | Noticed Menkaure
  3411 | D:5      | Killed Menkaure
  3412 | D:5      | Reached skill level 5 in Fighting
  3415 | D:5      | Reached skill level 8 in Unarmed Combat
  3727 | D:6      | Reached XP level 9. HP: 88/88 MP: 8/8
  3875 | D:6      | Reached skill level 9 in Unarmed Combat
  3882 | D:6      | Learned a level 2 spell: Blink
  3920 | D:6      | Learned a level 6 spell: Statue Form
  4105 | D:6      | Reached ** piety under Wu Jian
  4127 | D:6      | Reached skill level 1 in Transmutations
  4367 | D:6      | Reached skill level 1 in Earth Magic
  5005 | D:7      | Found a blossoming altar of Fedhas.
  5005 | D:7      | Found a stormy altar of Qazlal.
  5033 | D:7      | Reached XP level 10. HP: 98/98 MP: 9/9
  5049 | D:7      | Reached skill level 10 in Unarmed Combat
  5157 | D:7      | Noticed Joseph
  5159 | D:7      | Noticed Joseph
  5159 | D:7      | Joseph changed into Joseph the blink frog
  5164 | D:7      | Killed Joseph the blink frog
  5222 | D:7      | Reached *** piety under Wu Jian
  5223 | D:7      | Reached skill level 1 in Translocations
  5568 | D:8      | Noticed Grum
  5578 | D:8      | Noticed Psyche
  5663 | D:8      | Killed Grum
  5734 | D:8      | Killed Psyche
  6122 | D:8      | Noticed Gastronok
  6146 | D:8      | Killed Gastronok
  6147 | D:8      | Reached skill level 11 in Unarmed Combat
  6237 | D:8      | Found a shadowy altar of Dithmenos.
  6237 | D:8      | Found a faded altar of an unknown god.
  6245 | D:8      | Found a hazy altar of Hepliaklqana.
  6247 | D:8      | Found a broken altar of Ashenzari.
  6249 | D:8      | Found a hide-covered altar of Uskayaw.
  6673 | D:9      | Reached **** piety under Wu Jian
  6940 | D:9      | Reached XP level 11. HP: 99/107 MP: 10/10
  7144 | D:10     | Entered Level 10 of the Dungeon
  7177 | D:10     | Identified the +8 whip of Gallantry {holy, rF+}
  8147 | D:10     | Reached skill level 12 in Unarmed Combat
  8314 | D:10     | Noticed a two-headed ogre
  8318 | D:10     | Noticed a brown ugly thing
  8321 | D:10     | Noticed a centaur warrior
  8322 | D:10     | Killed a two-headed ogre
  8323 | D:10     | Noticed a death knight
  8323 | D:10     | Noticed a deep elf pyromancer
  8326 | D:10     | Noticed a deep elf pyromancer
  8438 | D:11     | Noticed a sun demon
  8442 | D:11     | Reached ***** piety under Wu Jian
  8617 | D:11     | Noticed a cyan ugly thing
  8945 | D:12     | Noticed an eight-headed hydra
  8986 | D:11     | Killed a cyan ugly thing
  9451 | D:12     | Noticed a seven-headed hydra
  9452 | D:12     | Noticed a two-headed ogre
  9662 | D:11     | Found a staircase to the Lair.
  9712 | D:11     | Reached skill level 13 in Unarmed Combat
  9983 | Lair:1   | Entered Level 1 of the Lair of Beasts
 10178 | Lair:1   | Noticed a seven-headed hydra
 10187 | Lair:1   | Killed a nine-headed hydra
 10262 | Lair:1   | Noticed a six-headed hydra
 10263 | Lair:1   | Found a runed translucent door.
 10271 | Lair:1   | Killed an eight-headed hydra
 10272 | Lair:1   | Reached XP level 12. HP: 71/119 MP: 11/11
 10321 | Lair:1   | Noticed miserystealer's ghost (novice DrCj)
 10321 | Lair:1   | Identified the +8 spear "Ecygh" {freeze, *Noise Fly rC+}
 11619 | Lair:2   | Reached skill level 14 in Unarmed Combat
 11755 | Lair:1   | Killed miserystealer's ghost
 12399 | Lair:2   | Noticed a five-headed hydra
 12408 | Lair:2   | HP: 3/122 [five-headed hydra (13)]
 12409 | Lair:2   | Mangled by a five-headed hydra

Illustrated notes

Levels and vault maps discovered:
D:1:      heliophobic_arrival_dark_side_of_the_moon, layout_basic,
          basic_ecumenical_altar
D:2:      layout_basic, serial_shops, shop,
          nicolae_shop_temple_entry_statues_fountains, nicolae_shop_crystal,
          minmay_puff
D:3:      layout_rooms, lemuel_coloured_pillars_altar,
          minmay_fractal_squares_diagonal_5, uniq_sigmund, uniq_grinder,
          uniq_natasha, uniq_ijyb
D:4:      layout_rooms, good_gods_temple_1, led_xom_imps,
          nicolae_overflow_crystal_walls, kennysheep_mini,
          minmay_temple_entry_statues_fountains, ebering_ghost_reflecting_pool
D:5:      layout_basic, corexii_leaking_fountain, uniq_menkaure
D:6:      layout_basic
D:7:      minmay_spotlight, layout_basic,
          grunt_temple_overflow_forces_of_nature, uniq_joseph
D:8:      layout_loops_cross, chequers_temple_overflow_minitemple, uniq_psyche,
          uniq_grum, uniq_gastronok
D:9:      layout_loops_ring
D:10:     minmay_the_grid_triangle_9x9_recursive_2_mashed
          [minmay_the_grid_triangle_9x9_prize_center,
          minmay_the_grid_triangle_9x9_skeleton,
          minmay_the_grid_triangle_9x9_corruption,
          minmay_the_grid_triangle_9x9_descending_squares], layout_cave_pods
D:11:     layout_layer_cave, grunt_lair_entry_orc_guard_hut
D:12:     wad_mega_maze, layout_layer_cave, david_orc_5, minmay_librarian
Temple:   dpeg_three_leaves_temple
Lair:1:   layout_cave_pods, ebering_ghost_funeral_grove
Lair:2:   layout_cave_pods, infiniplex_staircase_pool, grunt_megastairs_3
Lair:3:   layout_regular_city, minmay_shoals_entry_lonely_mermaid,
          spider_nest_entry_webs, gammafunk_ghost_necromancy, minivault_23,
          grunt_megastairs_2, lemuel_fruit_tree, uniq_sonja

Skill      XL: |  1  2  3  4  5  6  7  8  9 10 11 12 |
---------------+-------------------------------------+-----
Shields        | 3 4 5 6 7 9 |  9.9
Unarmed Combat | 3 4 5 6 8 9 11 13 14 | 14.5
Fighting       | 3 4 5 6 8 |  8.9
Transmutations | 2 |  2.7
Earth Magic    | 2 |  2.3
Translocations | 3 |  3.9
Dodging        | 4 |  4.6

Action                   |  1- 3 |  4- 6 |  7- 9 | 10-12 || total
-------------------------+-------+-------+-------+-------++-------
Melee: Unarmed           |    83 |   123 |   287 |   646 ||  1139
       Whip              |       |       |       |     9 ||     9
Throw: Dart              |       |     4 |     4 |       ||     8
       Boomerang         |       |       |       |     5 ||     5
       Javelin           |       |       |       |     2 ||     2
Invok: Lunge             |       |       |    14 |    38 ||    52
       Whirlwind         |       |       |    23 |    30 ||    53
       Serpent's Lash    |       |       |       |     2 ||     2
 Abil: Wall Jump         |       |       |     5 |    19 ||    24
Evoke: Wand              |       |       |       |    11 ||    11
  Use: Scroll            |       |     5 |     8 |    15 ||    28
       Potion            |       |     1 |     4 |     5 ||    10
 Stab: Sleeping          |     1 |       |       |       ||     1
Armor: Robe              |    20 |    51 |    96 |   131 ||   298
       Skin              |       |       |       |     4 ||     4
Dodge: Dodged            |    25 |    50 |    71 |   122 ||   268
Block: Kite shield       |    32 |    60 |    35 |       ||   127
       Tower shield      |       |       |   142 |   460 ||   602
